 Dungeon Crawl Stone Soup version 0.19-a0-1608-g4cf22de (webtiles) character file.

226 Alarkh the Grave Robber (level 5, -3/35 HPs)
             Began as a Mummy Necromancer on Sept 17, 2016.
             Slain by a river rat (6 damage)
             ... in a sewer.
             The game lasted 00:04:13 (2251 turns).

Alarkh the Grave Robber (Mummy Necromancer)         Turns: 2251, Time: 00:04:13

Health: -3/35      AC:  3    Str: 11    XL:     5   Next: 69%
Magic:  2/11       EV:  9    Int: 16    God:
Gold:   96         SH:  0    Dex: 12    Spells: 3 memorised, 4 levels left

rFire  x . .     SeeInvis .     a - +1 dagger (venom)
rCold  + . .     Gourm    .     l - +0 robe
rNeg   + + +     Faith    .     (no shield)
rPois  ∞         Spirit   .     (no helmet)
rElec  .         Dismiss  .     (no cloak)
rCorr  .         Reflect  .     j - +0 pair of gloves
MR     .....     Harm     .     (no boots)
Stlth  ++........               (no amulet)
                                (no ring)
                                (no ring)

@: about to teleport, very slightly contaminated, constricted
A: no food or potions, fire vulnerability, cold resistance 1, negative energy
resistance 3, torment resistance, unbreathing
a: no special abilities


You were in a sewer.
You were not hungry.

You visited 1 branch of the dungeon, and saw 3 of its levels.
You also visited: Sewer.

You collected 96 gold pieces.

Inventory:

Hand Weapons
 a - a +1 dagger of venom (weapon)
 c - a +0 short sword
Armour
 j - a +0 pair of gloves (worn)
 l - a +0 robe (worn)
Wands
 o - a wand of random effects (27/48)
Scrolls
 d - 4 scrolls of remove curse
 e - a scroll of identify
 f - a scroll of teleportation
 g - 2 scrolls of fog {unknown}
 h - a scroll of enchant weapon {unknown}
 i - a scroll of random uselessness {unknown}
 k - a scroll of amnesia {unknown}
 m - a scroll of noise {unknown}
 n - a scroll of enchant armour {unknown}
 p - 3 scrolls of magic mapping {unknown}
Books
 b - a book of Necromancy

   Spells                             Type                      Level
   a - Pain                           Necromancy                   1
   b - Animate Skeleton               Necromancy                   1
   c - Vampiric Draining              Necromancy                   3
   d - Regeneration                   Charms/Necromancy            3
   e - Animate Dead                   Necromancy                   4
   f - Control Undead                 Necromancy                   4


   Skills:
 - Level 1.5 Dodging
 - Level 1.5 Stealth
 + Level 4.1 Spellcasting
 + Level 5.7 Necromancy


You had 4 spell levels left.
You knew the following spells:

 Your Spells              Type           Power        Failure   Level  Hunger
a - Pain                  Necr           ###.         1%          1    N/A
b - Vampiric Draining     Necr           ###.......   6%          3    N/A
c - Control Undead        Necr           ###.......   17%         4    N/A

Dungeon Overview and Level Annotations

Branches:
Dungeon (3/15)

Altars:


Innate Abilities, Weirdness & Mutations

You do not eat or drink.
Your flesh is vulnerable to fire.
You are immune to poison.
Your flesh is cold resistant. (rC+)
You are immune to negative energy. (rN+++)
You are immune to unholy pain and torment.
You can survive without breathing.


Message History

A river rat comes into view.
The rat closely misses you. The ball python closely misses you. x2
A rat comes into view.
You closely miss the river rat.
The rat moves out of view.
The rat bites you.
The ball python bites you but does no damage.
The ball python misses you.
You hit the river rat.
The river rat is poisoned.
The river rat is lightly wounded.
The river rat bites you!
The rat twitches its whiskers.
The rat bites you. The river rat barely misses you.
The ball python bites you but does no damage.
The ball python barely misses you.
As you read the scroll of teleportation, it crumbles to dust.
You feel strangely unstable. The river rat bites you!
* * * LOW HITPOINT WARNING * * *
The ball python bites you but does no damage.
The ball python grabs you. The ball python constricts you.
The river rat bites you.
You die...

#####.†. #..##...
#..'.... ####....
####################.....
.≈≈≈≈≈≈≈≈≈≈≈≈≈≈≈≈≈≈......
..≈≈≈≈≈r≈≈≈≈≈≈≈≈≈≈......#
.≈≈≈r≈≈r[.≈≈≈≈≈≈≈≈......#
.≈r≈rr≈r@≈≈≈≈≈≈≈≈≈≈....##
.≈≈≈≈≈rSr≈≈≈≈≈≈≈≈≈....##
..≈≈≈≈≈≈≈≈≈≈≈≈≈≈≈≈≈.###
#####################


You could see 4 river rats, a ball python and 5 rats.

Vanquished Creatures
  8 adders
  5 river rats (Sewer)
  2 oozes
  2 dart slugs (D:2)
  3 leopard geckos
  5 ball pythons
  5 bats
  8 giant cockroaches
  7 goblins
  11 hobgoblins
  3 jackals (D:3)
  3 quokkas
  7 frilled lizards
  9 kobolds
  17 rats
95 creatures vanquished.

Notes
Turn   | Place    | Note
-------+----------+-------------------------------------------
     0 | D:1      | Alarkh the Mummy Necromancer began the quest for the Orb.
     0 | D:1      | Reached XP level 1. HP: 13/13 MP: 3/3
   187 | D:1      | Reached XP level 2. HP: 15/19 MP: 3/5
   405 | D:1      | Reached XP level 3. HP: 17/24 MP: 0/6
   854 | D:2      | Reached skill level 5 in Necromancy
   915 | D:2      | Reached XP level 4. HP: 30/30 MP: 3/8
  1641 | D:3      | Found a glowing drain.
  1656 | Sewer    | Entered a sewer
  1693 | Sewer    | Learned a level 3 spell: Vampiric Draining
  1698 | Sewer    | Learned a level 4 spell: Control Undead
  1847 | Sewer    | Reached XP level 5. HP: 23/35 MP: 2/10
  2251 | Sewer    | Slain by a river rat

Vault maps used:
D:1:      dpeg_arrival_rhombus, minmay_surrounded
D:2:      first_bread, corexii_shack
D:3:      grunt_temple_overflow_open, portal_sewer_entry_f
Sewer:    sewer_minmay_w

Skill      XL: |  1  2  3  4  5 |
---------------+----------------+-----
Necromancy     | 5 |  5.7
Spellcasting   | 3 4 |  4.1
Dodging        | |  1.5
Stealth        | |  1.5

Action                   |  1- 3 |  4- 6 || total
-------------------------+-------+-------++-------
Melee: Short sword       |    46 |     1 ||    47
       Dagger            |       |    38 ||    38
 Cast: Pain              |    60 |    81 ||   141
       Vampiric Draining |       |     3 ||     3
  Use: Scroll            |     1 |     4 ||     5
 Stab: Sleeping          |     1 |       ||     1
Armor: Robe              |    16 |    25 ||    41
Dodge: Dodged            |    48 |    61 ||   109
